 Dungeon Crawl Stone Soup version 0.30.1-1-g62c8e00024 (webtiles) character file.

Game seed: 1585517618352803402

116 cheesebisquit the Chopper (level 5, -4/47 HPs)
             Began as a Hill Orc Fighter on July 15, 2023.
             Slain by an iguana (8 damage)
             ... on level 4 of the Dungeon.
             The game lasted 00:05:52 (2318 turns).

cheesebisquit the Chopper (Hill Orc Fighter)        Turns: 2318, Time: 00:05:52

Health: -4/47      AC: 10    Str: 20 (21) XL:     5   Next: 0%
Magic:  5/5        EV:  5    Int:  5 (8)  God:
Gold:   192        SH: 11    Dex:  8 (10) Spells: 4/4 levels left

rFire   . . .        a - +0 war axe
rCold   . . .        q - +0 tower shield
rNeg    + . .        p - +0 chain mail
rPois   .            (no helmet)
rElec   .            (no cloak)
rCorr   .            (no gloves)
SInv    .            t - +0 pair of boots
Will    .....        f - amulet of magic regeneration Stlth
                     j - ring of positive energy
HPRegen 0.27/turn    (no ring)
MPRegen 0.49/turn

%: no passive effects
@: mighty, attractive, hasted, very quick
A: no striking features
a: no special abilities


You were on level 4 of the Dungeon.
You visited 1 branch of the dungeon, and saw 4 of its levels.

You collected 192 gold pieces.

Inventory:

Hand Weapons
 a - a +0 war axe (weapon)
 s - a +0 flail of protection
Armour
 c - a +0 buckler
 p - a +0 chain mail (worn)
 q - a +0 tower shield (worn)
 t - a +0 pair of boots (worn)
Jewellery
 f - an amulet of magic regeneration (around neck)
 g - a ring of ice
 j - a ring of positive energy (left hand)
Scrolls
 b - a scroll of noise {unknown}
 h - a scroll of enchant weapon {unknown}
 k - 4 scrolls of teleportation {unknown}
 l - a scroll of magic mapping {unknown}
 o - a scroll of immolation {unknown}
 r - 2 scrolls of identify {unknown}
Potions
 e - a potion of degeneration
 n - a potion of cancellation {unknown}


   Skills:
 + Level 4.4 Fighting
 * Level 4.6 Axes
 + Level 3.9 Armour
 * Level 4.1 Shields


You had 4 spell levels left.
You didn't know any spells.
Your spell library contained the following spells:

 Spells                   Type           Power      Damage    Failure   Level
 Beastly Appendage        Tmut           0%         N/A       100%        1
 Wereblood                Tmut           0%         N/A       100%        2
 Spider Form              Tmut/Pois      0%         N/A       100%        3


Dungeon Overview and Level Annotations

Branches:
Dungeon (4/15)             Temple (0/1) D:4

Altars:

Shops:
D:4 ?


Message History

You block the adder's attack.
You hit the worm.
The worm is lightly wounded.
You miss the adder. The adder bites you but does no damage. The worm bites you!
The adder bites you but does no damage. You block the iguana's attack.
You closely miss the iguana. You hit the worm. You barely miss the adder.
The adder bites you but does no damage. The iguana bites you!
The adder barely misses you. The worm bites you. You block the iguana's attack.
The adder attacks as you move away! The adder bites you.
You are poisoned.
The adder poisons you!
You feel sick. The adder bites you but does no damage.
You slash the adder!
You kill the adder!
You feel sick.
The iguana bites you but does no damage.
You have reached level 5!
You feel stronger.
You feel very mighty all of a sudden.
You feel sick. The iguana bites you.
* * * LOW HITPOINT WARNING * * *
You hit the iguana.
The iguana is heavily wounded.
You feel sick. The iguana bites you.
* * * LOW HITPOINT WARNING * * *
You hit the iguana.
The iguana is heavily wounded.
You feel sick.
You are no longer poisoned.
You block the iguana's attack. The iguana bites you.
* * * LOW HITPOINT WARNING * * *
It was a potion of degeneration.
There was something very wrong with that liquid.
You feel weakened.
You feel dopey.
You feel clumsy. You block the iguana's attack.
It was a potion of attraction.
You feel attractive to monsters. You block the iguana's attack.
It was a potion of haste.
You feel yourself speed up. The iguana bites you!
You die...

#[##.#.###.###.# #.# ##.##
#.##.#.##......# #.# #.#
#.##.#.##.###.#### ##8 ##.##
#.##.#.##.# #.##.. .. #...#
.......##.# #.##.#
.>...##...# ...........
...... ...8......#
..........# #.##.#
#888####.#.# #.##.#.####
#.##.# #.# #.#)#
...#<#.##...####@# #.# #.#)#
......##.....###l# #.#
#.#.## ...##.#.......'wo##
#.##.###....# #.##
.#...∩...'...###.##.........
..#
#.......'.......######....#
#.#
#.....##...###.######.#.##
#.. ##...#
##.###.........#.# #.. ####
...# ##.########.# #####
#.########.#


You could see a worm, an iguana and an orc.

Vanquished Creatures
  Jessica (D:3)
  2 adders
  2 dart slugs
  6 orcs (D:3)
  6 ball pythons
  8 bats
  3 endoplasms (D:1)
  2 giant cockroaches
  7 goblins
  2 hobgoblins (D:1)
  2 jackals (D:1)
  6 quokkas
  5 frilled lizards
  4 kobolds
  2 rats (D:2)
58 creatures vanquished.

Notes
Turn   | Place    | Note
-------+----------+-------------------------------------------
     0 | D:1      | cheesebisquit the Hill Orc Fighter began the quest for the
                  | Orb.
     0 | D:1      | Reached XP level 1. HP: 19/19 MP: 1/1
   234 | D:1      | Reached XP level 2. HP: 27/27 MP: 2/2
   523 | D:1      | Reached XP level 3. HP: 32/33 MP: 3/3
  1708 | D:3      | Reached XP level 4. HP: 37/40 MP: 4/4
  2143 | D:3      | Noticed Jessica
  2146 | D:3      | Killed Jessica
  2262 | D:4      | Found a staircase to the Ecumenical Temple.
  2304 | D:4      | Found Edemmunk's Magic Scroll Boutique.
  2313 | D:4      | Reached XP level 5. HP: 17/47 MP: 5/5
  2318 | D:4      | Slain by an iguana

Illustrated notes

Levels and vault maps discovered:
D:1:      co_arrival_square_in_a_square_in_a_square, layout_basic,
          minmay_heptomino_w4
D:2:      layout_basic, small_statue_intersection, nicolae_elevator_lobby_plus
D:3:      layout_loops_cross, uniq_jessica
D:4:      layout_loops_ring, minmay_temple_entry_statues,
          ebering_ghost_rock_garden, kennysheep_windowed_goal, uniq_sigmund

Skill      XL: |  1  2  3  4 |
---------------+-------------+-----
Axes           | 3 4 |  4.6
Fighting       | 4 |  4.4
Shields        | 4 |  4.1
Armour         | |  3.9

Action                     |  1- 3 |  4- 6 || total
---------------------------+-------+-------++-------
  Melee: War axe           |   109 |    41 ||   150
    Use: Potion            |       |     4 ||     4
 Armour: Scale mail        |    47 |       ||    47
         Chain mail        |    13 |    26 ||    39
  Dodge: Dodged            |    56 |     3 ||    59
  Block: Buckler           |    22 |       ||    22
         Tower shield      |       |    31 ||    31
